 Dungeon Crawl Stone Soup version 0.23-a0-635-g88ca12a (webtiles) character file.

424 Leeroy the Carver (level 6, -9/46 HPs)
             Began as a Barachi Skald on Dec 27, 2018.
             Killed from afar by an orc (15 damage)
             ... with an exploding inner flame
             ... hexed by the player character
             ... on level 4 of the Dungeon.
             The game lasted 00:09:28 (2263 turns).

Leeroy the Carver (Barachi Skald)                   Turns: 2263, Time: 00:09:31

Health: -9/46      AC:  6    Str: 12    XL:     6   Next: 96%
Magic:  6/9        EV: 12    Int: 15    God:
Gold:   287        SH:  0    Dex: 12    Spells: 5/9 levels left

rFire    . . .     SeeInvis .   a - +0 falchion
rCold    . . .     Gourm    .   (no shield)
rNeg     . . .     Faith    .   b - +0 leather armour
rPois    .         Spirit   .   J - +1 helmet
rElec    .         Reflect  .   G - scarf {cloud immunity}
rCorr    .         Harm     .   j - +0 pair of gloves
MR       .....                  (no boots)
Stlth    +.........             (no amulet)
HPRegen  0.15/turn              (no ring)
MPRegen  0.11/turn              (no ring)

@: infused, can't hop, slow
A: +LOS, swims, slowness 1, strong legs 1
a: Hop


You were on level 4 of the Dungeon.
You were not hungry.

You visited 2 branches of the dungeon, and saw 5 of its levels.

You collected 287 gold pieces.

Inventory:

Hand Weapons
 a - a +0 falchion (weapon)
 c - a +0 spear
 e - a +0 short sword
 g - a +0 flail of protection
 i - a +0 dagger of holy wrath
 k - a cursed -1 hand axe
 o - a +0 hunting sling
 z - a +3 short sword of venom
 A - a +0 dagger
 D - a +0 rapier
 I - a +0 hunting sling
 K - a +2 flail of crushing
Missiles
 f - 81 stones
 n - 48 sling bullets
 s - 21 arrows
 H - 5 tomahawks of returning (quivered)
 M - 13 poisoned needles
Armour
 b - a +0 leather armour (worn)
 j - a +0 pair of gloves (worn)
 v - a +0 ring mail
 y - a +0 scale mail
 G - a scarf of cloud immunity (worn)
 J - a +1 helmet (worn)
Jewellery
 F - an uncursed ring of resist corrosion
Wands
 E - a wand of digging (5)
Scrolls
 l - 3 scrolls of enchant armour
 q - a scroll of random uselessness
 r - 4 scrolls of remove curse
 x - 3 scrolls of immolation
 L - a scroll of identify
Potions
 h - a potion of flight {unknown}
 p - a potion of curing
 t - a potion of heal wounds {unknown}
 B - a potion of agility {unknown}
 C - 3 potions of lignification {unknown}
 N - a potion of might
Comestibles
 d - 8 rations


   Skills:
 - Level 2.4 Fighting
 * Level 8.7 Long Blades
 - Level 1.2 Armour
 - Level 2.1 Dodging
 - Level 2.1 Spellcasting
 - Level 3.2 Charms


You had 5 spell levels left.
You knew the following spells:

 Your Spells              Type           Power        Failure   Level  Hunger
a - Infusion              Chrm           ##..         7%          1    #......
b - Spectral Weapon       Hex/Chrm       #.......     38%         3    ###....

Your spell library contained the following spells:

 Spells                   Type           Power        Failure   Level  Hunger
 Song of Slaying          Chrm           ##......     11%         2    ###....
 Shroud of Golubria       Chrm/Tloc      #.........   22%         2    ###....
 Regeneration             Chrm/Necr      #.........   38%         3    ###....


Dungeon Overview and Level Annotations

Branches:
Dungeon (4/15)             Temple (1/1) D:4

Altars:
Ashenzari
Dithmenos
Fedhas
Hepliaklqana
Kikubaaqudgha
Nemelex Xobeh
Qazlal
Sif Muna
Trog
Uskayaw
Wu Jian
Yredelemnul


Innate Abilities, Weirdness & Mutations

Shadows flee at your approach. (+LOS)
You can swim through water.
You cover ground slowly.
You can hop short distances.


Message History

Forget Infusion, freeing 1 spell level for a total of 6?
Okay, then.
The orc hits you with a +0 mace.
* * * LOW HITPOINT WARNING * * *
The phantom blinks!
Unknown command.
Casting: Infusion (safe; 7% risk of failure)
Confirm with . or Enter, or press ? or * to list all spells.
Okay, then.
Casting: Infusion (safe; 7% risk of failure)
Confirm with . or Enter, or press ? or * to list all spells.
Okay, then.
The orc barely misses you.
You riposte.
You hit the orc.
The orc explodes!
The fiery explosion engulfs the frilled lizard.
The frilled lizard explodes!
The fiery explosion engulfs the ogre.
The ogre is severely wounded.
The fiery explosion engulfs you!
You die...

........# .......###.# #...#
.....%..# .....##....###...#
........# ............###.#
......... .............##.#
......... ................#
........## ###............##
.........# #........†....#
#.......##########............##
#......(([W.O§§@(...........#.#
#......############...........#
#......# #..........#.# ########
#..........### #..........#
#..........# #..........#
##........## ##......##


You could see a phantom (inner flame) and an ogre (inner flame).

Vanquished Creatures
  Grinder (D:3)
  A hound (D:4)
  Ijyb (D:3)
  Robin (D:3)
  3 gnolls (D:4)
  6 adders
  An ooze (D:3)
  6 dart slugs
  2 leopard geckos
  2 orcs (D:4)
  8 bats
  A giant cockroach (D:4)
  15 goblins
  7 hobgoblins
  10 kobolds
  A quokka (D:4)
  4 frilled lizards
  7 rats
77 creatures vanquished.

Vanquished Creatures (others)
  A leopard gecko (D:4)
1 creature vanquished.

Grand Total: 78 creatures vanquished

Notes
Turn   | Place    | Note
-------+----------+-------------------------------------------
     0 | D:1      | Leeroy the Barachi Skald began the quest for the Orb.
     0 | D:1      | Reached XP level 1. HP: 17/17 MP: 3/3
    43 | D:1      | Reached skill level 3 in Long Blades
   312 | D:1      | Reached XP level 2. HP: 23/23 MP: 5/5
   597 | D:1      | Reached skill level 4 in Long Blades
   668 | D:1      | Reached XP level 3. HP: 17/28 MP: 2/6
   675 | D:1      | Learned a level 3 spell: Spectral Weapon
   770 | D:2      | Reached skill level 5 in Long Blades
   782 | D:2      | Reached XP level 4. HP: 19/34 MP: 2/7
  1195 | D:3      | Noticed Grinder
  1195 | D:3      | Paralysed by Grinder for 6 turns
  1212 | D:3      | Killed Grinder
  1212 | D:3      | Reached skill level 7 in Long Blades
  1212 | D:3      | Reached XP level 5. HP: 23/39 MP: 4/8
  1212 | D:3      | Reached XP level 6. HP: 27/46 MP: 4/9
  1306 | D:3      | Noticed Ijyb
  1318 | D:3      | Killed Ijyb
  1420 | D:3      | Noticed Robin
  1448 | D:3      | Killed Robin
  1448 | D:3      | Reached skill level 8 in Long Blades
  2016 | D:4      | Found a staircase to the Ecumenical Temple.
  2053 | Temple   | Entered the Ecumenical Temple
  2217 | D:4      | Noticed a phantom
  2263 | D:4      | Killed from afar by an orc

Vault maps used:
D:1:      grunt_arrival_lava_bath
D:3:      uniq_grinder, uniq_ijyb, uniq_robin
D:4:      minmay_temple_entry_purple_smoke, first_ration, minmay_crystal_water,
          xom_confusion_cloud, uniq_blork_the_orc
Temple:   minmay_temple_bridge_abc

Skill      XL: |  1  2  3  4  5  6 |
---------------+-------------------+-----
Long Blades    | 3 4 5 7 8 |  8.7
Fighting       | |  2.4
Armour         | |  1.2
Dodging        | |  2.1
Spellcasting   | |  2.1
Charms         | |  3.2

Action                   |  1- 3 |  4- 6 || total
-------------------------+-------+-------++-------
Melee: Falchion          |    82 |    15 ||    97
       Short sword       |       |   114 ||   114
       Dagger            |       |    13 ||    13
Throw: Stone             |       |    11 ||    11
       Tomahawk          |       |     8 ||     8
 Cast: Infusion          |     3 |     2 ||     5
       Spectral Weapon   |       |     2 ||     2
 Abil: Hop               |       |     1 ||     1
  Use: Scroll            |     1 |     9 ||    10
       Potion            |     1 |     2 ||     3
  Eat: Chunk             |       |     6 ||     6
Armor: Leather armour    |    45 |    31 ||    76
Dodge: Dodged            |    97 |   101 ||   198
       Rpst.: Falchion   |    38 |     3 ||    41

Table legend:
 A = Non-vault XP
 B = Vault XP
 C = Vault XP percentage of total XP
 D = Non-vault monster count
 E = Vault monster count
 F = Vault count percentage of total count
                 A         B        C        D         E       F
            +---------+---------+-------+---------+---------+-------
      Total |     259 |     347 |  57.3 |      60 |      17 |  22.1
            +---------+---------+-------+---------+---------+-------
        D:1 |      46 |       0 |   0.0 |      20 |       0 |   0.0
        D:2 |      65 |       0 |   0.0 |      19 |       0 |   0.0
        D:3 |      39 |     342 |  89.8 |      12 |      15 |  55.6
        D:4 |     109 |       5 |   4.4 |       9 |       2 |  18.2
            +---------+---------+-------+---------+---------+-------
